 Dungeon Crawl Stone Soup version 0.19-a0-1025-g778f431 (webtiles) character file.

4 4thArraOfDagon the Chopper (level 1, 0/19 HPs)
             Began as a Minotaur Berserker on July 28, 2016.
             Was a Follower of Trog.
             Slain by a shadow imp (3 damage)
             ... while paralysed by Grinder
             ... on level 6 of the Dungeon.
             The game lasted 00:01:29 (267 turns).

4thArraOfDagon the Chopper (Minotaur Berserker)      Turns: 267, Time: 00:01:30

Health: 0/19       AC:  8    Str: 21    XL:     1   Next: 58%
Magic:  0/0        EV:  2    Int:  4    God:    Trog [*.....]
Gold:   17         SH:  0    Dex:  9    Spells: 0 memorised, 0 levels left

rFire  . . .     SeeInvis .     a - +0 hand axe
rCold  . . .     Gourm    .     g - +0 chain mail
rNeg   . . .     Faith    .     (no shield)
rPois  .         Spirit   .     (helmet restricted)
rElec  .         Dismiss  .     (no cloak)
rCorr  .         Reflect  .     (no gloves)
SustAt .         Harm     .     (no boots)
MR     .....                    (no amulet)
Stlth  ..........               (no ring)
                                (no ring)

@: paralysed, not resistant to hostile enchantments, extremely unstealthy
A: retaliatory headbutt, horns 2
a: Berserk, Burn Spellbooks, Renounce Religion


You were on level 6 of the Dungeon.
You worshipped Trog.
Trog was aware of your devotion.
You were not hungry.

You visited 1 branch of the dungeon, and saw 6 of its levels.

You collected 17 gold pieces.

Inventory:

Hand Weapons
 a - a +0 hand axe (weapon)
Armour
 b - a +0 animal skin
 g - a +0 chain mail (worn)
Wands
 j - a wand of digging (9/24)
Scrolls
 e - a scroll of recharging {unknown}
 f - a scroll of identify {unknown}
Potions
 d - a potion of heal wounds {unknown}
 h - a potion of ambrosia {unknown}
 i - a potion of cancellation {unknown}
Comestibles
 c - 2 bread rations


   Skills:
 - Level 3.6 Fighting
 * Level 4.0 Axes
 + Level 2.5 Armour
 - Level 2.1 Dodging


You couldn't memorise any spells.
You didn't know any spells.

Dungeon Overview and Level Annotations

Branches:
Dungeon (6/15)             Temple (0/1) D:5

Altars:
Xom
Zin

Annotations:
D:4 Shenda's ghost, amateur DsGl
D:6 Grinder


Innate Abilities, Weirdness & Mutations

You reflexively headbutt those who attack you in melee.
You have a pair of horns on your head.


Message History

Grinder blinks!
Found 2 dark potions.
Unknown command.
Grinder gestures at you.
You struggle to resist.
Unknown command.
You see here a bone wand.
Unknown command.
j - a wand of digging The shadow imp shouts, "Embrace thy failure, thou euchred onion-eyed veal!"
Grinder gestures at you.
You suddenly lose the ability to move!
The shadow imp hits you but does no damage.
The shadow imp completely misses you. Grinder gestures at you.
Pain shoots through your body!
Ouch! That really hurt!
* * * LOW HITPOINT WARNING * * *
The shadow imp hits you.
You die...

#. #..........#
#.#.....###.##......##
..................)#
#..........#.#######
##........5.#.###
.!...5.........#
#...#.####....#
..###<..#.####....#
#......@5.J...#.###
####....#.##.#...#
#......##.....#
#####..####...# #..#
#...# #..# #...# #..#
..... ##.# ###.#


You could see Grinder, an ooze and a shadow imp.

Vanquished Creatures
  A goblin (D:2)
  A hobgoblin (D:1)
  A quokka (D:4)
  A rat (D:2)
4 creatures vanquished.

Notes
Turn   | Place    | Note
-------+----------+-------------------------------------------
     0 | D:1      | 4thArraOfDagon the Minotaur Berserker began the quest for the Orb.
     0 | D:1      | Reached XP level 1. HP: 19/19 MP: 0/0
    53 | D:2      | Found a shimmering altar of Xom.
    53 | D:2      | Found a glowing silver altar of Zin.
    53 | D:2      | Noticed an angel
   129 | D:2      | You fall through a shaft for 2 floors!
   170 | D:4      | Reached skill level 4 in Axes
   177 | D:5      | Entered Level 5 of the Dungeon
   197 | D:4      | Noticed Shenda's ghost (amateur DsGl)
   224 | D:5      | Found a staircase to the Ecumenical Temple.
   260 | D:6      | Noticed Grinder
   264 | D:6      | Paralysed by Grinder for 6 turns
   267 | D:6      | Slain by a shadow imp

Vault maps used:
D:1:      saegor_arrival_miasma
D:2:      grunt_temple_overflow_order_and_chaos_1, ecumenical_altar_2,
          minivault_24
D:3:      elyvilon_altar_4, minivault_25, kennysheep_doodads,
          cheibriados_altar_1, uniq_iyjb
D:4:      minmay_goblin_kobold_castle, first_bread, minmay_misc_feat_enclosed,
          due_unseen_surprise, uniq_natasha
D:5:      okawaru_trees_1
D:6:      serial_shops, nicolae_shop_trees, tgw_trog, uniq_edmund,
          uniq_blork_the_orc, uniq_grinder

Skill      XL: |  1 |
---------------+----+-----
Axes           | 4 |  4.0
Fighting       | |  3.6
Armour         | |  2.5
Dodging        | |  2.1

Action                   || total
-------------------------++-------
Melee: Hand axe          ||     9
Armor: Chain mail        ||     6
       Animal skin       ||     1
Dodge: Dodged            ||     8
